 Dungeon Crawl Stone Soup version 0.31-a0-746-ge8284cb111 (webtiles) character file.

Game seed: 9611808954181457932

246 MacCMillion the Sneak (level 5, 0/24 HPs)
             Began as a Spriggan Enchanter on Sept 14, 2023.
             Splashed by a jelly's acid (11 damage)
             ... on level 4 of the Dungeon.
             The game lasted 00:08:28 (3572 turns).

MacCMillion the Sneak (Spriggan Enchanter)          Turns: 3572, Time: 00:08:28

Health: 0/24       AC:  4    Str:  4    XL:     5   Next: 84%
Magic:  8/12       EV: 17    Int: 17    God:
Gold:   167        SH:  0    Dex: 17    Spells: 7/12 levels left

rFire   . . .        a - +1 dagger
rCold   . . .        (no shield)
rNeg    . . .        b - +0 robe
rPois   .            o - +2 hat
rElec   .            (no cloak)
rCorr   .            (gloves unavailable)
SInv    +            (boots unavailable)
Will    .....        (no amulet)
Stlth   +++          (no ring)
HPRegen 0.24/turn    (no ring)
MPRegen 0.13/turn

%: no passive effects
@: very quick
A: very small, no large weapons, unfitting armour, see invisible, speed 3
a: no special abilities


You were on level 4 of the Dungeon.
You visited 1 branch of the dungeon, and saw 4 of its levels.

You collected 167 gold pieces.

Inventory:

Hand Weapons
 a - a +1 dagger (weapon)
Armour
 b - a +0 robe (worn)
 o - a +2 hat (worn)
Jewellery
 d - a ring of resist corrosion
 i - a ring of positive energy
 v - a ring of magical power
Wands
 s - a wand of digging (4)
Scrolls
 h - 3 scrolls of noise {unknown}
 k - a scroll of immolation {unknown}
 l - a scroll of revelation {unknown}
 m - a scroll of teleportation {unknown}
 n - 2 scrolls of vulnerability {unknown}
 q - a scroll of fear {unknown}
 r - a scroll of identify {unknown}
Potions
 c - 2 potions of invisibility
 e - 2 potions of curing {unknown}
 f - 2 potions of brilliance {unknown}
 g - a potion of mutation {unknown}
 j - a potion of enlightenment {unknown}
 p - a potion of attraction {unknown}
 t - 2 potions of haste {unknown}
 u - a potion of lignification {unknown}


   Skills:
 + Level 3.0 Short Blades
 - Level 2.6 Dodging
 + Level 6.1 Stealth
 + Level 4.1 Spellcasting
 + Level 4.9 Hexes
 + Level 1.6 Ice Magic


You had 7 spell levels left.
You knew the following spells:

 Your Spells              Type           Power      Damage    Failure   Level
a - Ensorcelled Hibernat  Hex/Ice        28%        N/A       6%          2
b - Confusing Touch       Hex            20%        N/A       6%          3

Your spell library contained the following spells:

 Spells                   Type           Power      Damage    Failure   Level
 Tukima's Dance           Hex            20%        N/A       6%          3
 Dazzling Flash           Conj/Hex       22%        N/A       17%         3


Dungeon Overview and Level Annotations

Branches:
Dungeon (4/15)
 Temple: D:4-7

Altars:

Annotations:
D:3 2 transporters, exclusion: orc priest, confidenceinterval's ghost, weakling DrCA


Innate Abilities, Weirdness & Mutations

You are very small and have problems with some larger weapons.
You are too small for most types of armour.
You have supernaturally acute eyesight. (SInv)
You cover ground extremely quickly. (Speed+++)


Message History

Casting: Ensorcelled Hibernation (safe; 6% risk of failure)
Confirm with . or Enter, or press ? or * to list all spells.
Aiming: Ensorcelled Hibernation (safe; 6% risk of failure)
Press: ? - help, Shift-Dir - straight line, f/p - jelly
Aim: a jelly (moderately wounded, chance to affect: 56%)
The jelly looks drowsy...
The helpless jelly fails to defend itself.
You stick the jelly like a pincushion!!!
You kill the jelly!
Your Short Blades skill increases to level 3!
You start resting.
HP restored.
Magic restored.
You start waiting.
An orc is nearby!
An orc is nearby!
An orc is nearby!
Things that are here:
a +0 club; an orc corpse The jelly quivers.
The orc shouts!
Casting: Ensorcelled Hibernation (safe; 6% risk of failure)
Confirm with . or Enter, or press ? or * to list all spells.
Aiming: Ensorcelled Hibernation (safe; 6% risk of failure)
Press: ? - help, Shift-Dir - straight line, f - jelly
Aim: a jelly (chance to affect: 56%)
The jelly resists with significant effort.
You hit the jelly.
Your hands burn!
The jelly is lightly wounded.
The jelly hits you.
You are splashed with acid!
Casting: Ensorcelled Hibernation (safe; 6% risk of failure)
Confirm with . or Enter, or press ? or * to list all spells.
Aiming: Ensorcelled Hibernation (safe; 6% risk of failure)
Press: ? - help, Shift-Dir - straight line, f/p - jelly
Aim: a jelly (lightly wounded, chance to affect: 56%)
The jelly resists with significant effort.
The jelly hits you but does no damage. The orc barely misses you.
The jelly attacks as it pursues you! The jelly hits you.
You are splashed with acid!
You die...

##)../#.#...#
##..#....#
###...#..###
#..........#
#..........#
#..........#
#..........#
#....oJ...## #
#....@....# .#..
##.....)).##.....
#........)....#
#.........###....
#...........###..
#.#....####...##
. #.#.#.##
##...#### .
##.#.#.#
##......# #
#..#.#.#
##....#.## #


You could see a jelly and an orc.

Vanquished Creatures
  An ogre (D:4)
  A jelly (D:4)
  An orc wizard (D:4)
  3 adders
  An ufetubus (D:4)
  4 dart slugs
  4 orcs
  10 bats
  5 endoplasms
  A giant cockroach (D:2)
  5 hobgoblins
  7 jackals (D:3)
  7 kobolds
  2 quokkas (D:4)
  7 ball pythons
  2 frilled lizards
  8 goblins
  5 rats
74 creatures vanquished.

Notes
Turn   | Place    | Note
-------+----------+-------------------------------------------
     0 | D:1      | MacCMillion the Spriggan Enchanter began the quest for the
                  | Orb.
     0 | D:1      | Reached XP level 1. HP: 9/9 MP: 5/5
   245 | D:1      | Reached XP level 2. HP: 13/13 MP: 6/6
   336 | D:1      | Learned a level 2 spell: Ensorcelled Hibernation
   837 | D:2      | Reached XP level 3. HP: 16/16 MP: 8/8
   895 | D:2      | Learned a level 3 spell: Confusing Touch
   918 | D:2      | Reached skill level 5 in Stealth
  1621 | D:2      | Found a faded altar of an unknown god.
  1973 | D:3      | Reached XP level 4. HP: 21/21 MP: 2/10
  2713 | D:3      | Found a transporter.
  2716 | D:3      | Noticed confidenceinterval's ghost (weakling DrCA)
  2721 | D:3      | Found a transporter.
  2892 | D:4      | Reached skill level 1 in Ice Magic
  2943 | D:4      | Noticed an ogre
  2945 | D:4      | Noticed a steam dragon
  3106 | D:4      | Noticed an ogre
  3115 | D:4      | Killed an ogre
  3116 | D:4      | Reached XP level 5. HP: 24/24 MP: 8/12
  3359 | D:4      | Reached skill level 6 in Stealth
  3572 | D:4      | Splashed by a jelly's acid

Illustrated notes

Levels and vault maps discovered:
D:1:      dpeg_arrival_tiny_a, layout_loops_ring
D:2:      layout_loops_ring, hellmonk_ecumenical_altar_heavens_door,
          grunt_decor_arrowhead
D:3:      layout_basic, gammafunk_ghost_mausoleum
D:4:      minmay_skewed_foursquare, layout_rooms, nicolae_elyvilon_temple_path

Skill      XL: |  1  2  3  4  5 |
---------------+----------------+-----
Spellcasting   | 3 4 |  4.1
Hexes          | 4 |  4.9
Stealth        | 5 6 |  6.1
Short Blades   | 2 3 |  3.0
Ice Magic      | 1 |  1.6
Dodging        | |  2.6

Action                     |  1- 3 |  4- 6 || total
---------------------------+-------+-------++-------
  Melee: Dagger            |   102 |    79 ||   181
         Punch             |     2 |       ||     2
   Cast: Ensorcelled Hiber |    25 |    17 ||    42
         Confusing Touch   |     4 |     4 ||     8
   Stab: Sleeping          |    34 |    18 ||    52
         Confused          |     2 |     2 ||     4
         Distracted        |       |     1 ||     1
 Armour: Robe              |    28 |    17 ||    45
  Dodge: Dodged            |    76 |    58 ||   134

Table legend: (Time is in decaauts)
 A = Elapsed time spent in this place.
 B = Non-inter-level travel time spent in this place.
 C = Inter-level travel time spent in this place.
 D = Time resting spent in this place.
 E = Time spent auto-exploring this place.
 F = Levels seen in this place.
 G = Mean time per level.
                   A        B        C        D        E       F      G
               +--------+--------+--------+--------+--------+-----+--------+
         Total |   2676 |   2652 |     24 |    688 |   1258 |   4 |  669.0 |
       Dungeon |   2676 |   2652 |     24 |    688 |   1258 |   4 |  669.0 |
               +--------+--------+--------+--------+--------+-----+--------+

Top non-repeatable levels by time:
     D:3: 752 daAuts
     D:2: 736 daAuts
     D:4: 611 daAuts
     D:1: 576 daAuts
